3AAA
KEY WEST CORAL REEFERS @ SUNSET DISTRICT FOG
06/08/2034
 
TOP OF THE 1ST
Key West Coral Reefers batting - Pitching for Sunset District Fog : RHP C'Bo Flemister
Pitching: RHP C'Bo Flemister
Batting: RHB Miguel Montoya 0-0: Called Strike
0-1: Ball
1-1: Ball
2-1: Foul Ball, location: 2F
2-2: Foul Ball, location: 2F
2-2: Ground out 6-3 (Groundball, 6)
Batting: LHB Jordan Westacott 0-0: SINGLE (Flyball, 9S)
Batting: SHB Tony Walsh 0-0: Ball
1-0: Foul Ball, location: 2F
1-1: Ball
2-1: Ball
3-1: Base on Balls
Jordan Westacott to second
Batting: RHB Arturo Scantlebury 0-0: Called Strike
0-1: Ball
1-1: Ball
2-1: Ball
3-1: Base on Balls
Jordan Westacott to third
Tony Walsh to second
Batting: SHB Dave Atkins 0-0: Ball
1-0: Called Strike
1-1: Foul Ball, location: 2F
1-2: Strikes out swinging
Batting: SHB Juan Carlos Santos 0-0: Ball
1-0: Called Strike
1-1: Ball
2-1: Foul Ball, location: 2F
2-2: Ball
3-2: Fly out, F7 (Flyball, 7LMF)
Top of the 1st over - 0 runs, 1 hit, 0 errors, 3 left on base; Key West 0 - Sunset District 0
BOTTOM OF THE 1ST
Sunset District Fog batting - Pitching for Key West Coral Reefers : RHP Jacob Broome
Pitching: RHP Jacob Broome
Batting: LHB Roderick Simpson 0-0: Ball
1-0: Fly out, F8 (Line Drive, 8LD)
Batting: LHB Ed Berry 0-0: Called Strike
0-1: Fly out, F7 (Flyball, 7)
Batting: LHB Ieyoshi Samurakami 0-0: Foul Ball, location: 2F
0-1: Ball
1-1: Ball
2-1: Foul Ball, location: 2F
2-2: Reached on error, E6 (Groundball, 56)
Pitching: LHP Octávio Fernández
Batting: SHB Charles Weber 0-0: Called Strike
0-1: Ball
1-1: Foul Ball, location: 2F
1-2: Ball
2-2: 2-RUN HOME RUN (Line Drive, 7D), Distance : 409 ft
Batting: LHB Arnold England 0-0: Ball
1-0: Fly out, F8 (Flyball, 8RXD)
Bottom of the 1st over - 2 runs, 1 hit, 1 error, 0 left on base; Key West 0 - Sunset District 2
TOP OF THE 2ND
Key West Coral Reefers batting - Pitching for Sunset District Fog : RHP C'Bo Flemister
Batting: RHB Craig Tricket 0-0: Ball
1-0: Swinging Strike
1-1: Ball
2-1: Called Strike
2-2: Fly out, F7 (Flyball, 7LS)
Batting: RHB Ken Moore 0-0: Foul Ball, location: 2F
0-1: Foul Ball, location: 2F
0-2: Strikes out swinging
Batting: RHB Juan Martínez 0-0: Called Strike
0-1: Foul Ball, location: 2F
0-2: Ball
1-2: Ball
2-2: Ball
3-2: Foul Ball, location: 2F
3-2: Foul Ball, location: 2F
3-2: Strikes out swinging
Top of the 2nd over - 0 runs, 0 hits, 0 errors, 0 left on base; Key West 0 - Sunset District 2
BOTTOM OF THE 2ND
Sunset District Fog batting - Pitching for Key West Coral Reefers : LHP Octávio Fernández
Batting: LHB Frank Brinton 0-0: Called Strike
0-1: Ground out 4-3 (Groundball, 4)
Batting: LHB Jesús De Jesús 0-0: Ball
1-0: Called Strike
1-1: Swinging Strike
1-2: Foul Ball, location: 2F
1-2: Ball
2-2: Foul Ball, location: 2F
2-2: Foul Ball, location: 2F
2-2: Foul Ball, location: 2F
2-2: Ball
3-2: Fly out, F8 (Flyball, 89XD)
Batting: RHB Juan Alcocer 0-0: Called Strike
0-1: Ball
1-1: SINGLE (Groundball, 6MD)
Batting: LHB Jesús Trevino 0-0: Swinging Strike
0-1: Ball
1-1: Called Strike
1-2: Strikes out swinging
Bottom of the 2nd over - 0 runs, 1 hit, 0 errors, 1 left on base; Key West 0 - Sunset District 2
TOP OF THE 3RD
Key West Coral Reefers batting - Pitching for Sunset District Fog : RHP C'Bo Flemister
Batting: RHB Miguel Montoya 0-0: Foul Ball, location: 2F
0-1: Ball
1-1: Ball
2-1: Ground out 6-3 (Groundball, 6)
Batting: LHB Jordan Westacott 0-0: Foul Ball, location: 2F
0-1: Ball
1-1: Ball
2-1: DOUBLE (Line Drive, 8LXD)
Batting: SHB Tony Walsh 0-0: Ball
1-0: Called Strike
Throwing error on steal attempt, E2
Jordan Westacott scores
1-1: Ball
2-1: SINGLE (Line Drive, 8RS)
Batting: RHB Arturo Scantlebury 0-0: Called Strike
0-1: Fielders Choice at 2nd, 6-4 (Groundball, 6M)
Batting: SHB Dave Atkins 0-0: Ball
1-0: Swinging Strike
1-1: Ground out 5-3 (Groundball, 25)
Top of the 3rd over - 1 run, 2 hits, 1 error, 1 left on base; Key West 1 - Sunset District 2
BOTTOM OF THE 3RD
Sunset District Fog batting - Pitching for Key West Coral Reefers : LHP Octávio Fernández
Batting: LHB Roderick Simpson 0-0: Ball
1-0: Ground out 4-3 (Groundball, 34D)
Batting: LHB Ed Berry 0-0: Ball
1-0: Called Strike
1-1: SINGLE (Line Drive, 89S)
Batting: LHB Ieyoshi Samurakami 0-0: Ball
1-0: DOUBLE (Line Drive, 9LD)
Ed Berry to third
Runner from 3rd tries for Home, SAFE, no throw
Batting: SHB Charles Weber 0-0: Fly out, F8 (Flyball, 78M)
Batting: LHB Arnold England 0-0: Called Strike
0-1: Called Strike
0-2: Ball
1-2: 2-RUN HOME RUN (Flyball, 9D), Distance : 409 ft
Batting: LHB Frank Brinton 0-0: Ball
1-0: Swinging Strike
1-1: Called Strike
1-2: Ball
2-2: Strikes out looking
Bottom of the 3rd over - 3 runs, 3 hits, 0 errors, 0 left on base; Key West 1 - Sunset District 5
TOP OF THE 4TH
Key West Coral Reefers batting - Pitching for Sunset District Fog : RHP C'Bo Flemister
Batting: SHB Juan Carlos Santos 0-0: Ball
1-0: Ball
2-0: Called Strike
2-1: Ground out 4-3 (Groundball, 4MS)
Batting: RHB Craig Tricket 0-0: Swinging Strike
0-1: Called Strike
0-2: Strikes out swinging
Batting: RHB Ken Moore 0-0: Ball
1-0: Swinging Strike
1-1: Ball
2-1: Ground out 5-3 (Groundball, 56)
Top of the 4th over - 0 runs, 0 hits, 0 errors, 0 left on base; Key West 1 - Sunset District 5
BOTTOM OF THE 4TH
Sunset District Fog batting - Pitching for Key West Coral Reefers : LHP Octávio Fernández
Batting: LHB Jesús De Jesús 0-0: Ball
1-0: Ground out 4-3 (Groundball, 4)
Pitching: RHP Brandon Sorkin
Batting: RHB Juan Alcocer 0-0: Called Strike
0-1: Ball
1-1: Ground out 3-1 (Groundball, 34)
Batting: LHB Jesús Trevino 0-0: Ball
1-0: Swinging Strike
1-1: Ground out 3-1 (Groundball, 34)
Bottom of the 4th over - 0 runs, 0 hits, 0 errors, 0 left on base; Key West 1 - Sunset District 5
TOP OF THE 5TH
Key West Coral Reefers batting - Pitching for Sunset District Fog : RHP C'Bo Flemister
Batting: RHB Juan Martínez 0-0: Ground out 5-3 (Groundball, 5L)
Batting: RHB Miguel Montoya 0-0: Ball
1-0: Fly out, F7 (Flyball, 7LSF)
Batting: LHB Jordan Westacott 0-0: Ball
1-0: Ball
2-0: Called Strike
2-1: Ball
3-1: Base on Balls
Batting: SHB Tony Walsh 0-0: Ball
1-0: Swinging Strike
1-1: Ball
2-1: Foul Ball, location: 2F
2-2: 2-RUN HOME RUN (Flyball, 9LD), Distance : 365 ft
Batting: RHB Arturo Scantlebury 0-0: Ball
1-0: Swinging Strike
1-1: Ball
2-1: SOLO HOME RUN (Flyball, 7LD), Distance : 358 ft
Batting: SHB Dave Atkins 0-0: Ball
1-0: Ground out 4-3 (Groundball, 4M)
Top of the 5th over - 3 runs, 2 hits, 0 errors, 0 left on base; Key West 4 - Sunset District 5
BOTTOM OF THE 5TH
Sunset District Fog batting - Pitching for Key West Coral Reefers : RHP Brandon Sorkin
Batting: LHB Roderick Simpson 0-0: Ball
1-0: Ball
2-0: Called Strike
2-1: Ball
3-1: Called Strike
3-2: Foul Ball, location: 2F
3-2: Base on Balls
Batting: LHB Ed Berry 0-0: Ball
1-0: Foul Ball, location: 2F
1-1: Ball
2-1: Foul Ball, location: 2F
2-2: Fly out, F8 (Line Drive, 8RS)
Batting: LHB Ieyoshi Samurakami 0-0: Fly out, F7 (Line Drive, 78D)
Batting: SHB Charles Weber 0-0: Called Strike
0-1: Foul Ball, location: 2F
0-2: Foul Ball, location: 2F
0-2: SINGLE (Groundball, 4D)
Roderick Simpson to second
Runner from 2nd tries for 3rd, SAFE, no throw
Pinch Runner at 3rd Gérard Chesnutt:
Batting: LHB Arnold England 0-0: Foul Ball, location: 2F
0-1: Fielders Choice at 2nd, 6-4 (Groundball, 6D)
Bottom of the 5th over - 0 runs, 1 hit, 0 errors, 2 left on base; Key West 4 - Sunset District 5
TOP OF THE 6TH
Key West Coral Reefers batting - Pitching for Sunset District Fog : RHP C'Bo Flemister
Pitching: RHP Jesús Gonzáles
Batting: SHB Juan Carlos Santos 0-0: SINGLE (Groundball, 34) (infield hit)
Batting: RHB Craig Tricket 0-0: Ball
1-0: Ball
2-0: Bunted foul
2-1: Ball
3-1: Bunted foul
3-2: Base on Balls
Juan Carlos Santos to second
Batting: RHB Ken Moore 0-0: Sac Bunt - play at first, batter OUT! 1-3
Juan Carlos Santos to third
Craig Tricket to second
Batting: RHB Juan Martínez 0-0: Called Strike
0-1: Ball
1-1: Ground out 5-3 (Groundball, 5)
Batting: RHB Miguel Montoya 0-0: Called Strike
0-1: Ball
1-1: Ball
2-1: Foul Ball, location: 2F
2-2: Ground out 2-3 (Groundball, 2R)
Top of the 6th over - 0 runs, 1 hit, 0 errors, 2 left on base; Key West 4 - Sunset District 5
BOTTOM OF THE 6TH
Sunset District Fog batting - Pitching for Key West Coral Reefers : RHP Brandon Sorkin
Batting: LHB Frank Brinton 0-0: Ball
1-0: Called Strike
1-1: Ball
2-1: Ball
3-1: SINGLE (Groundball, 6D)
Batting: LHB Jesús De Jesús 0-0: Foul Ball, location: 2F
0-1: Called Strike
Frank Brinton steals 2nd base
0-2: Strikes out swinging
Batting: RHB Juan Alcocer 0-0: Intentional Walk
Batting: LHB Jesús Trevino 0-0: Ball
1-0: Foul Ball, location: 2F
1-1: Swinging Strike
1-2: Ball
2-2: Ball
3-2: Foul Ball, location: 2F
3-2: Fly out, F8 (Flyball, 8LS)
Batting: RHB Gérard Chesnutt 0-0: Ball
1-0: Ball
2-0: Foul Ball, location: 2F
2-1: Fly out, F3 (Line Drive, 3L)
Bottom of the 6th over - 0 runs, 1 hit, 0 errors, 2 left on base; Key West 4 - Sunset District 5
TOP OF THE 7TH
Key West Coral Reefers batting - Pitching for Sunset District Fog : RHP Jesús Gonzáles
Batting: LHB Jordan Westacott 0-0: Ball
1-0: Swinging Strike
1-1: Foul Ball, location: 2F
1-2: Strikes out swinging
Batting: SHB Tony Walsh 0-0: Called Strike
0-1: Fly out, F4 (Popup, 34S)
Batting: RHB Arturo Scantlebury 0-0: Ball
1-0: Called Strike
1-1: Called Strike
1-2: Strikes out swinging
Top of the 7th over - 0 runs, 0 hits, 0 errors, 0 left on base; Key West 4 - Sunset District 5
BOTTOM OF THE 7TH
Sunset District Fog batting - Pitching for Key West Coral Reefers : RHP Brandon Sorkin
Batting: LHB Ed Berry 0-0: Ground out 1-3 (Groundball, 13S)
Batting: LHB Ieyoshi Samurakami 0-0: Foul Ball, location: 2F
0-1: Foul Ball, location: 2F
0-2: Ball
1-2: Ball
2-2: Foul Ball, location: 2F
2-2: Foul Ball, location: 2F
2-2: SINGLE (Groundball, 4M) (infield hit)
Pitching: RHP Juan Ramírez
Batting: SHB Charles Weber 0-0: Called Strike
0-1: Foul Ball, location: 2F
0-2: Ball
1-2: Strikes out swinging
Batting: LHB Arnold England 0-0: Ball
1-0: Fly out, F9 (Flyball, 9LS)
Bottom of the 7th over - 0 runs, 1 hit, 0 errors, 1 left on base; Key West 4 - Sunset District 5
TOP OF THE 8TH
Key West Coral Reefers batting - Pitching for Sunset District Fog : RHP Jesús Gonzáles
Batting: SHB Dave Atkins 0-0: Ball
1-0: Ball
2-0: Foul Ball, location: 2F
2-1: Foul Ball, location: 2F
2-2: SINGLE (Line Drive, 4)
Batting: SHB Juan Carlos Santos 0-0: Sac Bunt - play at first, batter OUT! 3-4
Dave Atkins to second
Batting: RHB Craig Tricket 0-0: Ball
1-0: Fly out, F5 (Popup, 5SF)
Batting: RHB Ken Moore 0-0: Foul Ball, location: 2F
0-1: Swinging Strike
0-2: Strikes out swinging, 2-3 out at first.
Top of the 8th over - 0 runs, 1 hit, 0 errors, 1 left on base; Key West 4 - Sunset District 5
BOTTOM OF THE 8TH
Sunset District Fog batting - Pitching for Key West Coral Reefers : RHP Juan Ramírez
Batting: LHB Frank Brinton 0-0: Ball
1-0: Called Strike
1-1: Ball
2-1: Foul Ball, location: 2F
2-2: Ball
3-2: Base on Balls
Batting: LHB Jesús De Jesús 0-0: Ball
1-0: Called Strike
1-1: Ball
2-1: Swinging Strike
2-2: Strikes out looking
Batting: RHB Juan Alcocer 0-0: Ball
Frank Brinton steals 2nd base
1-0: Intentional Walk
Batting: LHB Jesús Trevino 0-0: Ball
1-0: Ball
2-0: Ball
3-0: Base on Balls
Frank Brinton to third
Juan Alcocer to second
Batting: RHB Gérard Chesnutt 0-0: Ball
1-0: DOUBLE (Line Drive, 89D)
Frank Brinton scores
Juan Alcocer scores
Jesús Trevino to third
Runner from 3rd tries for Home, SAFE, no throw
Pitching: RHP José Marín
Batting: LHB Ed Berry 0-0: Ball
1-0: Ball
2-0: Called Strike
2-1: Ball
Wild Pitch!
Gérard Chesnutt to third
3-1: Base on Balls
Batting: LHB Ieyoshi Samurakami 0-0: Called Strike
0-1: Foul Ball, location: 2F
0-2: Ball
1-2: Foul Ball, location: 2F
1-2: Fly out, F8 (Line Drive, 78D)
Runner from 3rd tags up, SCORES, no throw
Batting: SHB Charles Weber 0-0: Called Strike
0-1: Fly out, F9 (Line Drive, 9D)
Bottom of the 8th over - 4 runs, 1 hit, 0 errors, 1 left on base; Key West 4 - Sunset District 9
TOP OF THE 9TH
Key West Coral Reefers batting - Pitching for Sunset District Fog : RHP Jesús Gonzáles
Batting: RHB Juan Martínez 0-0: Ball
1-0: Ball
2-0: Called Strike
2-1: Called Strike
2-2: Ball
3-2: Foul Ball, location: 2F
3-2: Base on Balls
Batting: RHB Miguel Montoya 0-0: Ball
1-0: Ball
2-0: Ball
3-0: Called Strike
3-1: Base on Balls
Juan Martínez to second
Batting: LHB Jordan Westacott 0-0: Ground out U3 (Groundball, 23)
Juan Martínez to third
Miguel Montoya to second
Batting: SHB Tony Walsh 0-0: Foul Ball, location: 2F
0-1: Ball
1-1: Foul Ball, location: 2F
1-2: Strikes out swinging
Batting: RHB Arturo Scantlebury 0-0: Called Strike
0-1: Fly out, F7 (Flyball, 78M)
Top of the 9th over - 0 runs, 0 hits, 0 errors, 2 left on base; Key West 4 - Sunset District 9
Friday, March 29th, 2019 - OOTP Baseball 18.8 Build 76